 Dungeon Crawl Stone Soup version 0.29.1-1-gd02db6906a (webtiles) character file.

Game seed: 12239215277871981886

629 Aibolit the Trooper (level 7, -4/62 HPs)
             Began as a Hill Orc Fighter on Oct 8, 2022.
             Was a Follower of Okawaru.
             Slain by an ogre
             ... wielding a +0 giant spiked club
              (16 damage)
             ... on level 5 of the Dungeon.
             The game lasted 00:06:52 (5336 turns).

Aibolit the Trooper (Hill Orc Fighter)              Turns: 5336, Time: 00:06:52

Health: -4/62      AC:  9    Str: 21    XL:     7   Next: 48%
Magic:  7/7        EV:  6    Int:  8    God:    Okawaru [*.....]
Gold:   187        SH:  9    Dex: 10    Spells: 6/6 levels left

rFire   . . .      SeeInvis .   a - +0 war axe
rCold   . . .      Faith    .   b - +0 kite shield
rNeg    . . .      Spirit   .   k - +0 chain mail
rPois   .          Reflect  .   (no helmet)
rElec   .          Harm     .   (no cloak)
rCorr   +          Rampage  .   (no gloves)
Will    .....                   (no boots)
Stlth   ..........              (no amulet)
HPRegen 0.20/turn               p - ring of resist corrosion
MPRegen 0.10/turn               (no ring)

@: no status effects
A: no striking features
a: Renounce Religion, Heroism


You were on level 5 of the Dungeon.
You worshipped Okawaru.
Okawaru was aware of your devotion.
You visited 1 branch of the dungeon, and saw 5 of its levels.

You collected 187 gold pieces.

Inventory:

Hand Weapons
 a - a +0 war axe (weapon)
Armour
 b - a +0 kite shield (worn)
 k - a +0 chain mail (worn)
Jewellery
 p - a ring of resist corrosion (left hand)
Scrolls
 e - 4 scrolls of amnesia
 f - a scroll of butterflies
 g - a scroll of blinking {unknown}
 h - 2 scrolls of teleportation
 i - a scroll of noise {unknown}
 l - a scroll of torment {unknown}
 m - a scroll of enchant armour {unknown}
 s - a scroll of enchant weapon {unknown}
 t - a scroll of immolation {unknown}
 v - a scroll of poison
Potions
 c - a potion of flight {unknown}
 n - 2 potions of curing
 o - a potion of haste {unknown}
 q - a potion of heal wounds {unknown}
 r - a potion of invisibility {unknown}
 u - a potion of magic {unknown}


   Skills:
 + Level 5.9 Fighting
 + Level 5.7 Axes
 + Level 5.4 Armour
 + Level 5.4 Shields


You had 6 spell levels left.
You didn't know any spells.
Your spell library contained the following spells:

 Spells                   Type           Power      Damage    Failure   Level
 Gell's Gravitas          Tloc           0%         N/A       100%        3
 Lesser Beckoning         Tloc           0%         N/A       100%        3
 Teleport Other           Tloc           0%         N/A       100%        3


Dungeon Overview and Level Annotations

Branches:
Dungeon (5/15)
 Temple: D:4-7

Altars:
Gozag
Okawaru
Qazlal
Yredelemnul
The Shining One

Annotations:
D:4 3 runed translucent doors, H0rd4k's ghost, amateur HuAr; Kaiern's ghost, novice KoFE


Message History

You hit the quokka.
The quokka is severely wounded.
The quokka barely misses you.
The quokka bites you but does no damage.
You closely miss the quokka.
The quokka is severely wounded.
The quokka bites you but does no damage.
You closely miss the quokka.
The quokka is severely wounded.
You block the quokka's attack. x2
You closely miss the quokka.
The quokka is heavily wounded.
You block the quokka's attack.
You slash the quokka!
You kill the quokka!
Okawaru accepts your kill. You block the jackal's attack.
You barely miss the jackal.
The jackal bites you but does no damage. x2
You barely miss the jackal.
The jackal bites you but does no damage. x2
You closely miss the jackal.
The jackal bites you but does no damage. x2
You slash the jackal!
You kill the jackal!
Okawaru accepts your kill.
You slash the ogre!
The ogre is heavily wounded.
The ogre hits you with a +0 giant spiked club!!
You barely miss the ogre.
The ogre is heavily wounded.
You block the ogre's attack.
You hit the ogre.
The ogre is severely wounded.
The ogre hits you with a +0 giant spiked club!
* * * LOW HITPOINT WARNING * * *
You completely miss the ogre.
The ogre is severely wounded.
The ogre hits you with a +0 giant spiked club!
You die...

#).[. ... ..... ..####...
#........ ..##....#
#^##.!..##.####. #.#
#.##.....# #.# #O##.....#
########'## #@##.....#
#.........## #.##.....#
#..........# #.##.....#
#..........###.##.)...#
#/....................#
##########..♣♣♣♣♣♣....###
#.♣♣ ♣......# ######.♣♣
♣.####.## #.÷.[)..♣
♣♣.##.....


You could see an ogre.

Vanquished Creatures
  A black bear (D:5)
  An ogre (D:5)
  A centaur (D:5)
  A necrophage (D:4)
  A howler monkey (D:5)
  A hound (D:3)
  2 orc priests (D:5)
  An orc wizard (D:5)
  4 gnolls (D:3)
  3 adders
  2 ufetubi (D:5)
  A worm (D:2)
  A dart slug (D:1)
  3 orcs
  6 bats
  11 endoplasms
  3 giant cockroaches
  6 goblins
  7 hobgoblins
  3 jackals (D:5)
  3 quokkas
  10 ball pythons
  A frilled lizard (D:3)
  7 kobolds
  8 rats
  A spectral orc (D:4)
89 creatures vanquished.

Notes
Turn   | Place    | Note
-------+----------+-------------------------------------------
     0 | D:1      | Aibolit the Hill Orc Fighter began the quest for the Orb.
     0 | D:1      | Reached XP level 1. HP: 19/19 MP: 1/1
   172 | D:1      | Reached XP level 2. HP: 26/27 MP: 2/2
   627 | D:1      | Reached XP level 3. HP: 26/33 MP: 3/3
   733 | D:1      | Found a faded altar of an unknown god.
  1955 | D:2      | Reached XP level 4. HP: 34/40 MP: 4/4
  2591 | D:3      | Reached XP level 5. HP: 44/47 MP: 5/5
  3277 | D:3      | Found an opulent altar of Gozag.
  3278 | D:3      | Found an iron altar of Okawaru.
  3364 | D:3      | Found a stormy altar of Qazlal.
  3427 | D:3      | Became a worshipper of Warmaster Okawaru
  3734 | D:4      | Found a runed translucent gate.
  3734 | D:4      | Found a runed translucent gate.
  3766 | D:4      | Found a runed translucent gate.
  4023 | D:4      | Reached skill level 5 in Fighting
  4023 | D:4      | Reached XP level 6. HP: 50/56 MP: 6/6
  4058 | D:4      | Found a glowing golden altar of the Shining One.
  4189 | D:4      | Noticed H0rd4k's ghost (amateur HuAr)
  4190 | D:4      | Noticed Kaiern's ghost (novice KoFE)
  4204 | D:4      | Found a basalt altar of Yredelemnul.
  4582 | D:5      | Entered Level 5 of the Dungeon
  4599 | D:5      | Reached skill level 5 in Axes
  4599 | D:5      | Reached skill level 5 in Armour
  4771 | D:5      | Reached skill level 5 in Shields
  4778 | D:5      | Reached * piety under Okawaru
  4779 | D:5      | Reached XP level 7. HP: 28/61 MP: 7/7
  4792 | D:5      | HP: 2/61 [quokka (4)]
  5336 | D:5      | Slain by an ogre

Illustrated notes

Levels and vault maps discovered:
D:1:      elethiomel_arrival_infinity_welcomes_careful_drivers,
          layout_loops_corners, dilly_ecumenical_altar_fadedgnrine
D:2:      layout_loops_ring, minmay_tiny_reverse_x
D:3:      layout_basic, mainiacjoe_overflow_tiny_flanked, minitemple
D:4:      layout_basic, yredelemnul_forgotten_temple_becter,
          kennysheep_mini_moat, gammafunk_ghost_cemetery
D:5:      layout_basic, tgw_kikubaaqudgha, nicolae_overflow_crystal_walls,
          nrook_campfire

Skill      XL: |  1  2  3  4  5  6 |
---------------+-------------------+-----
Axes           | 3 4 5 |  5.7
Fighting       | 4 5 |  5.9
Armour         | 4 5 |  5.4
Shields        | 4 5 |  5.4

Action                   |  1- 3 |  4- 6 |  7- 9 || total
-------------------------+-------+-------+-------++-------
Melee: War axe           |   116 |   124 |    57 ||   297
  Use: Scroll            |       |     4 |     1 ||     5
       Potion            |       |     1 |       ||     1
Armor: Scale mail        |    30 |       |       ||    30
       Chain mail        |    26 |    82 |    39 ||   147
Dodge: Dodged            |    44 |    26 |    18 ||    88
Block: Buckler           |    17 |       |       ||    17
       Kite shield       |     7 |    66 |    27 ||   100
